 Dungeon Crawl Stone Soup version 0.31-a0-750-gfe7b580527 (webtiles) character file.

Game seed: 13155855715339966571

3707 NinjaNoafa the Summoner (level 9, -9/37 HPs)
             Began as a Felid Summoner on Sept 11, 2023.
             Was a Follower of Sif Muna.
             Hit by a large rock thrown by a cyclops (46 damage)
             ... on level 8 of the Dungeon on Sept 14, 2023.
             The game lasted 00:22:52 (7400 turns).

NinjaNoafa the Summoner (Felid Summoner)            Turns: 7400, Time: 00:22:53

Health: -9/37      AC:  2    Str:  4    XL:     9   Next: 91%
Magic:  8/20       EV: 24    Int: 21    God:    Sif Muna [*.....]
Gold:   466        SH:  0    Dex: 16    Spells: 9/22 levels left
                                        Lives:  0   Deaths: 3

rFire   . . .        (weapon unavailable)
rCold   . . .        (shield unavailable)
rNeg    . . .        (body armour unavailable)
rPois   +            (helmet unavailable)
rElec   .            (cloak unavailable)
rCorr   .            (gloves unavailable)
SInv    +            (boots unavailable)
Will    +....        (no amulet)
Stlth   ++           d - +5 ring of evasion
HPRegen 0.26/turn    A - ring of poison resistance
MPRegen 0.17/turn

%: no passive effects
@: quick
A: very small, claws 1, fangs 3, see invisible, speed 1, shaggy fur 2, stealthy
paws, no weapons or thrown items, no armour, multi-lived
a: Renounce Religion, Channel Magic


You were on level 8 of the Dungeon.
You worshipped Sif Muna.
Sif Muna was aware of your devotion.
You visited 2 branches of the dungeon, and saw 9 of its levels.
You also visited: Ossuary.

You collected 466 gold pieces.

Inventory:

Jewellery
 d - a +5 ring of evasion (left paw)
 y - a ring of protection from fire
 A - a ring of poison resistance (right paw)
Talismans
 h - a maw talisman
Wands
 z - a wand of iceblast (2)
 F - a wand of flame (14)
 G - a wand of digging (8)
Scrolls
 b - 2 scrolls of poison {unknown}
 c - 3 scrolls of fog {unknown}
 g - 2 scrolls of vulnerability {unknown}
 l - 4 scrolls of teleportation
 m - a scroll of torment {unknown}
 p - a scroll of fear {unknown}
 q - a scroll of blinking {unknown}
 s - a scroll of amnesia {unknown}
 w - a scroll of silence {unknown}
 x - a scroll of enchant armour {unknown}
 B - a scroll of butterflies {unknown}
 C - a scroll of acquirement {unknown}
 D - 2 scrolls of enchant weapon {unknown}
 E - a scroll of identify
Potions
 a - 2 potions of magic
 e - 7 potions of curing
 f - 3 potions of heal wounds
 i - 2 potions of enlightenment {unknown}
 j - 2 potions of resistance
 k - 3 potions of attraction
 n - 3 potions of mutation
 o - 6 potions of haste
 r - 2 potions of invisibility
 t - 2 potions of might {unknown}
 u - a potion of cancellation {unknown}
 v - 3 potions of berserk rage {unknown}


   Skills:
 + Level 2.9 Fighting
 + Level 5.0 Dodging
 - Level 2.6 Stealth
 + Level 7.0 Spellcasting
 - Level 5.0 Hexes
 + Level 8.4 Summonings
 - Level 7.0 Air Magic


You had 9 spell levels left.
You knew the following spells:

 Your Spells              Type           Power      Damage    Failure   Level
a - Summon Small Mammal   Summ           100%       N/A       1%          1
b - Call Imp              Summ           86%        N/A       1%          2
c - Call Canine Familiar  Summ           43%        N/A       1%          3
d - Summon Guardian Gole  Hex/Summ       35%        N/A       1%          3
e - Summon Lightning Spi  Summ/Air       39%        N/A       3%          4

Your spell library contained the following spells:

 Spells                   Type           Power      Damage    Failure   Level
 Ozocubu's Armour         Ice            7%         N/A       26%         3
 Metabolic Englaciation   Hex/Ice        8%         N/A       65%         5
 Simulacrum               Ice/Necr       3%         N/A       100%        6


Dungeon Overview and Level Annotations

Branches:
Dungeon (8/15) Zot: 26552  Temple (1/1) D:4 Zot: 5963 Ossuary (visited)
   Lair: D:8-11

Altars:
Ashenzari
Cheibriados
Dithmenos
Elyvilon
Fedhas
Gozag
Hepliaklqana
Kikubaaqudgha
Okawaru
Qazlal
Ru
Sif Muna
Trog
Uskayaw
Vehumet
Wu Jian
Xom
Yredelemnul
Zin
The Shining One

Shops:
D:3 (

Annotations:
D:6 exclusion: statue


Innate Abilities, Weirdness & Mutations

You have sharp claws.
You have razor-sharp teeth.
You have supernaturally acute eyesight. (SInv)
You cover ground quickly. (Speed+)
You are covered in thick fur. (AC +2)
Your paws help you pounce on unaware monsters.
You are incapable of wielding weapons or throwing items.
You cannot wear armour.
You gain extra lives every three experience levels.


Message History

A cyclops is nearby!
A cyclops is nearby!
A cyclops is nearby!
The cyclops throws a large rock.
The large rock barely misses your rat. The large rock completely misses you.
The large rock hits your wolf!!!
Your wolf dies!
Your wolf's corpse disappears in a puff of smoke!
Casting: Summon Small Mammal (safe; 1% risk of failure)
A guardian golem appears, shielding your allies.
A wight comes into view. It is wielding a +0 whip.
You now have 7/20 mp.
What are your orders? t - Meow!
Orders for allies: a - Attack new target. r - Retreat! s - Stop attacking. g - Guard the area. f - Follow me.
Anything else - Cancel.
Gang up on whom?
Press: ? - help, Dir - move target, f - cyclops
Aim: a cyclops, quivering large rocks (ally target) Attack!
Your rat bites the cyclops but does no damage.
The cyclops closely misses your rat.
Your rat bites the cyclops but does no damage.
Your rat bites the cyclops but does no damage.
The cyclops hits your rat!!
Your rat dies!
Your rat's corpse disappears in a puff of smoke!
The cyclops throws a large rock.
The large rock hits your guardian golem!!!
Your guardian golem is destroyed!
Your guardian golem disappears in a puff of smoke!
The cyclops throws a large rock.
The large rock misses you.
A wight comes into view. It is wielding a +0 mace.
Your cerulean imp disappears in a puff of smoke!
Casting: Summon Guardian Golem (safe; 1% risk of failure)
You now have 7/20 mp.
The cyclops throws a large rock.
The large rock hits you!!!
Ouch! That really hurt!
You die...

#...)...........###+##
#.......##'##......... #
#.......#...#......... #.
#.......+...#.........
#.#######.......#.............
####...).........................
[##.##..#.##.###'.#########.####+
.#....#.#..#........# #...+....
.#####..####....@.#.# #.#......
#..#...##.#....8..#.# #.#......
.##.##.###z#.###'.# # #.#.#'###
#..#.......C....).# #.#......
.###.###'###......# #.#......
##(..#....P#......# #.#......
###..#.###.#......# ..#......
####.#.#(#.#......#########......
.##..#.#'#.#.....................


You could see a cyclops (ally target), a wight and a friendly lightning spire
(summoned).

Vanquished Creatures
  A manticore (D:8)
  2 orcs (D:5)
  A bat (D:1)
  A jackal (D:3)
  A ball python (D:4)
6 creatures vanquished.

Vanquished Creatures (collateral kills)
  A steam dragon (D:7)
  A sky beast (D:8)
  2 ogres
  3 phantoms
  A kobold brigand (D:8)
  A bullfrog (D:6)
  2 elf skeletons (D:4)
  3 scorpions
  4 wights (D:8)
  A human zombie (D:4)
  A jelly (D:4)
  3 hounds
  An orc priest (D:6)
  A gnoll bouda (D:8)
  6 orc wizards
  2 iguanas
  10 mummies (Ossuary)
  6 gnolls
  9 adders
  An ufetubus (D:5)
  2 worms (D:3)
  3 dart slugs
  22 orcs
  6 bats
  9 endoplasms
  2 giant cockroaches
  3 goblins
  4 hobgoblins
  5 jackals
  2 quokkas
  5 ball pythons
  2 frilled lizards (D:4)
  4 goblin skeletons (Ossuary)
  6 kobolds
  3 kobold skeletons (Ossuary)
  An orc skeleton (Ossuary)
  3 orc zombies (D:4)
  5 rats
  11 rat skeletons (Ossuary)
157 creatures vanquished.

Vanquished Creatures (others)
  The ghost of Ofeo the Fighter, a novice DsWn of Wu Jian (D:6)
  2 trolls
  A centaur (D:8)
  A kobold brigand (D:7)
  A scorpion (D:6)
  A killer bee (D:8)
  2 orc wizards
  2 mummies (Ossuary)
  2 gnolls (D:8)
  A shadow imp (D:8)
  A white imp (D:7)
  4 kobolds (D:7)
19 creatures vanquished.

Grand Total: 182 creatures vanquished

Notes
Turn   | Place    | Note
-------+----------+-------------------------------------------
     0 | D:1      | NinjaNoafa the Felid Summoner began the quest for the Orb.
     0 | D:1      | Reached XP level 1. HP: 7/7 MP: 4/4
   169 | D:1      | Reached XP level 2. HP: 11/11 MP: 0/6
   985 | D:2      | Learned a level 2 spell: Call Imp
  1009 | D:2      | Reached XP level 3. HP: 14/14 MP: 6/8
  1013 | D:2      | Learned a level 3 spell: Call Canine Familiar
  1578 | D:2      | Reached XP level 4. HP: 18/18 MP: 2/9
  1728 | D:3      | Reached skill level 5 in Summonings
  1766 | D:3      | Reached skill level 1 in Hexes
  1944 | D:3      | Found Iseoziah's Weapon Shop.
  2057 | D:3      | Reached XP level 5. HP: 21/21 MP: 5/11
  2563 | D:4      | Learned a level 3 spell: Summon Guardian Golem
  2604 | D:4      | HP: 1/21 [poisoned by an adder]
  2657 | D:4      | Gained mutation: You are covered in thick fur. (AC +2)
                  | [Felid growth]
  2657 | D:4      | Reached XP level 6. HP: 18/24 MP: 1/13
  2722 | D:4      | Found a sand-covered staircase.
  2749 | Ossuary  | Entered an ossuary
  3345 | Ossuary  | Reached skill level 6 in Summonings
  3483 | D:4      | You fall into a shaft and drop 3 floors!
  3489 | D:7      | Learned a level 4 spell: Summon Lightning Spire
  3524 | D:7      | Reached skill level 1 in Air Magic
  3703 | D:7      | Reached XP level 7. HP: 14/27 MP: 3/14
  3857 | D:7      | Found a hide-covered altar of Uskayaw.
  3969 | D:7      | Found a blossoming altar of Fedhas.
  4026 | D:7      | Noticed a steam dragon
  4049 | D:7      | Killed a steam dragon
  4254 | D:6      | Reached skill level 5 in Hexes
  4306 | D:5      | Entered Level 5 of the Dungeon
  4385 | D:4      | Found a stormy altar of Qazlal.
  4415 | D:4      | Found an opulent altar of Gozag.
  4556 | D:4      | Reached skill level 5 in Air Magic
  4556 | D:4      | Reached XP level 8. HP: 31/31 MP: 5/15
  4788 | D:4      | Found a staircase to the Ecumenical Temple.
  4838 | D:4      | Found a bloodstained altar of Trog.
  4973 | Temple   | Entered the Ecumenical Temple
  4994 | Temple   | Became a worshipper of Ashenzari the Shackled
  5255 | D:5      | Found an iron altar of Okawaru.
  5553 | D:5      | Found an ornate altar of the Wu Jian Council.
  5580 | D:5      | Fell from the grace of Ashenzari
  5634 | Temple   | Became a worshipper of Sif Muna the Loreminder
  5934 | D:6      | Found a radiant altar of Vehumet.
  6079 | D:6      | Killed from afar by a charred statue
  6111 | D:6      | Found a runed translucent door.
  6112 | D:6      | Noticed Ofeo's ghost (novice DsWn)
  6146 | D:6      | Noticed a troll
  6151 | D:6      | Upgraded the game from 0.31-a0-728-g01b46875f1 to
                  | 0.31-a0-750-gfe7b580527
  6155 | D:6      | Killed by an exploding themself... ignited by their inner
                  | flame
  6155 | D:6      | Killed a troll
  6156 | D:6      | Reached skill level 5 in Spellcasting
  6639 | D:6      | Reached XP level 9. HP: 25/34 MP: 1/18
  6650 | D:6      | Reached skill level 7 in Summonings
  6794 | D:6      | Mangled by Ofeo's ghost
  6835 | D:6      | Killed Ofeo's ghost
  6947 | D:8      | Noticed a troll
  6959 | D:8      | Killed a troll
  6960 | D:8      | Reached skill level 1 in Fighting
  6977 | D:8      | Reached skill level 8 in Summonings
  6979 | D:8      | Reached * piety under Sif Muna
  7057 | D:8      | Noticed an efreet
  7171 | D:8      | Noticed a manticore
  7194 | D:8      | Killed a manticore
  7195 | D:8      | Was forgiven by Ashenzari
  7360 | D:8      | Reached skill level 5 in Dodging
  7360 | D:8      | Noticed a cyclops
  7400 | D:8      | Hit by a large rock thrown by a cyclops

Illustrated notes

Levels and vault maps discovered:
D:1:      dpeg_arrival_concentric_ovals, layout_basic, eino_curves_03
D:2:      layout_rooms
D:3:      layout_loops_ring, serial_shops, nicolae_shop_tiny_real_fake_doors,
          serial_rivers, chequers_serial_rivers_micro_d,
          chequers_serial_rivers_marsh, chequers_serial_rivers_large_b,
          chequers_serial_rivers_room_a
D:4:      layout_cave_pools, trog_butcher_becter,
          nicolae_gozag_cash_rules_everything_around_me,
          mainiacjoe_overflow_alcove_1, temple_hall,
          nicolae_ossuary_entry_catacombs
D:5:      layout_rooms, nzn_wu_jian_council_hall, okawaru_trees_2
D:6:      layout_gridville, vehumet_statue, hellmonk_ghost_happy_afterlife,
          grunt_ministairs_6
D:7:      layout_cave_pools, fedhas_altar_3, nicolae_uskayaw_dance_hall
D:8:      layout_gridville, lightli_temple_of_fire, minivault_27,
          minmay_shattered_shrine
Temple:   hellmonk_temple_two_chambers

Skill      XL: |  1  2  3  4  5  6  7  8  9 |
---------------+----------------------------+-----
Spellcasting   | 3 4 5 7 |  7.0
Summonings     | 5 6 8 |  8.4
Hexes          | 1 3 4 5 |  5.0
Air Magic      | 2 5 7 |  7.0
Fighting       | 2 |  2.9
Dodging        | 5 |  5.0
Stealth        | |  2.6

Action                     |  1- 3 |  4- 6 |  7- 9 || total
---------------------------+-------+-------+-------++-------
  Melee: Unarmed           |     5 |     6 |    10 ||    21
         Bite              |       |       |     2 ||     2
   Cast: Summon Small Mamm |    34 |     2 |    46 ||    82
         Call Imp          |     7 |    32 |    34 ||    73
         Call Canine Famil |     8 |    32 |    41 ||    81
         Summon Guardian G |       |     7 |    18 ||    25
         Summon Lightning  |       |       |    16 ||    16
 Invoke: Renounce Religion |       |       |     1 ||     1
  Evoke: Wand              |       |       |     3 ||     3
    Use: Potion            |       |     2 |       ||     2
         Scroll            |       |     2 |     5 ||     7
 Armour: Skin              |    23 |    35 |    56 ||   114
  Dodge: Dodged            |    52 |    52 |   150 ||   254

Table legend: (Time is in decaauts)
 A = Elapsed time spent in this place.
 B = Non-inter-level travel time spent in this place.
 C = Inter-level travel time spent in this place.
 D = Time resting spent in this place.
 E = Time spent auto-exploring this place.
 F = Levels seen in this place.
 G = Mean time per level.
                   A        B        C        D        E       F      G
               +--------+--------+--------+--------+--------+-----+--------+
         Total |   6415 |   6071 |    344 |    341 |   3104 |  10 |  641.5 |
       Dungeon |   5736 |   5406 |    330 |    298 |   2918 |   8 |  717.0 |
        Temple |     36 |     23 |     13 |      0 |      0 |   1 |   36.0 |
       Ossuary |    642 |    642 |      0 |     43 |    186 |   1 |  642.0 |
               +--------+--------+--------+--------+--------+-----+--------+

Top non-repeatable levels by time:
     D:6: 1076 daAuts
     D:4: 825 daAuts
     D:1: 801 daAuts
     D:3: 791 daAuts
     D:7: 651 daAuts
 Ossuary: 642 daAuts
     D:2: 588 daAuts
     D:5: 554 daAuts
     D:8: 446 daAuts
  Temple: 36 daAuts
